 Dungeon Sprint DCSS version 0.31-a0-868-g674d60d6f7 (webtiles) character file.

Game seed: 6582218411038286059

2161 rocky1 the Fencer (level 9, 0/67 HPs)
             Began as a Djinni Gladiator on Oct 12, 2023.
             Was an Initiate of Gozag.
             Slain by a white imp (2 damage)
             ... summoned by an obsidian statue
             ... in the Dungeon (Sprint II: "The Violet Keep of Menkaure").
             The game lasted 00:05:14 (777 turns).

rocky1 the Fencer (Djinni Gladiator)                 Turns: 777, Time: 00:05:15

Health: 0/67       AC:  8    Str: 13    XL:     9   Next: 57%
Gold:   940        EV: 18    Int: 10    God:    Gozag SH:  0 Dex: 19

rFire   + + .        k - +1 great sword (holy)
rCold   x . .        (shield currently unavailable)
rNeg    . . .        b - +0 leather armour
rPois   ∞            c - +0 helmet
rElec   .            (no cloak)
rCorr   .            (no gloves)
SInv    .            (boots unavailable)
Will    +....        (no amulet)
Stlth   ++           h - ring of willpower
HPRegen 0.31/turn    i - +4 ring of protection
MPRegen 0.00/turn

%: no teleportation, infuse magic (-1 HP)
@: spiked, flying, mesmerised
A: sickness immunity, fire resistance 2, cold vulnerability 1, float, innate
caster, HP casting, extra vitality 1
a: Renounce Religion, Potion Petition, Call Merchant, Bribe Branch


You were in the Dungeon.
You worshipped Gozag.
Gozag was pleased with you.
You visited 1 branch You collected 2124 gold pieces.
You spent 1184 gold pieces at shops.

Inventory:

Hand Weapons
 a - a +0 long sword
 k - a +1 great sword of holy wrath (weapon)
Missiles
 d - 3 throwing nets (quivered)
 e - a javelin
Armour
 b - a +0 leather armour (worn)
 c - a +0 helmet (worn)
Jewellery
 h - a ring of willpower (left hand)
 i - a +4 ring of protection (right hand)
Wands
 g - a wand of charming (8)
Scrolls
 j - a scroll of blinking
Potions
 f - a potion of curing


   Skills:
 - Level 6.4 Fighting
 + Level 15.3 Long Blades
 - Level 3.9 Throwing
 - Level 3.7 Armour
 - Level 10.3 Dodging
 - Level 1.0 Stealth


You knew the following spells:

 Your Spells              Type           Power      Damage    Failure   Level
a - Necrotise             Necr           0%         1d4       43%         1
b - Lesser Beckoning      Tloc           0%         N/A       56%         2
c - Inner Flame           Hex/Fire       0%         N/A       80%         3
d - Swiftness             Air            0%         N/A       80%         3
Your spell library was empty.

Dungeon Overview and Level Annotations

Branches:
Dungeon (1/1)

Altars:
Cheibriados
Dithmenos
Elyvilon
Fedhas
Gozag
Hepliaklqana
Makhleb
Nemelex Xobeh
Okawaru
Qazlal
Ru
Trog
Uskayaw
Wu Jian
Xom
Yredelemnul
Zin
The Shining One
Jiyva
Lugonu

Shops:
D !:[[[!=[=**(?:[

Annotations:
D exclusions: obsidian statue and oklob plant


Innate Abilities, Weirdness & Mutations

You are immune to sickness and miasma.
You are immune to poison.
Your flesh is very heat resistant. (rF++)
You are vulnerable to cold. (rC-)
You float through the air rather than walking.
You learn spells naturally, not from books.
Your magical power is your life essence.
You have superior vitality. (+4 MHP)


Message History

The sixfirhy misses you.
The obsidian statue's eyes glow briefly.
The obsidian statue attempts to bespell you!
You are mesmerised by the obsidian statue!
The white imp shouts, "Crawl home, thou warped dread-bolted strumpet!"
The white imp misses you.
The orange demon is engulfed in poison gas.
The orange demon looks as sick as possible!
The orange demon misses you.
The sixfirhy looks as sick as possible!
The sixfirhy misses you.
The red devil hits you with a +0 trident.
* * * LOW HITPOINT WARNING * * *
Barbed spikes become lodged in your body.
The quasit bites you.
* * * LOW HITPOINT WARNING * * *
The quasit claws you but does no damage.
The quasit closely misses you.
You slash the obsidian statue!
The obsidian statue is almost destroyed.
The sixfirhy dies!
The sixfirhy disappears in a puff of smoke!
The quasit barely misses you. The quasit completely misses you.
The quasit closely misses you. The white imp spits at you.
The white imp barely misses you.
The orange demon is engulfed in poison gas.
The orange demon looks as sick as possible!
The orange demon completely misses you.
The red devil hits you but does no damage.
Unknown command.
You hit the obsidian statue but do no damage.
The obsidian statue is almost destroyed.
The quasit closely misses you. x2; The quasit completely misses you.
The shadow imp completely misses you.
The orange demon is engulfed in poison gas.
The orange demon looks as sick as possible!
The orange demon stings you but does no damage.
The white imp hits you.
You die...
Your body crumbles into a pile of gold.

+++#+++#~≈§≈≈§≈§~#_._._._.#§~
≈ ##≈§≈###≈§#._._._._#~~ #§≈
#≈≈#.._._._.#~~
+≈≈#+#≈≈#._._._..#~§
##≈§≈≈≈≈≈##########~§
###########~~~~~~~~~≈≈
##.○○.°4.###~########≈▓
##..☼.455°°##~# #▓▓
+...○°8@°○.°'~#
##...○○5°○.#### ##..○○○°°##
######### +33 ###


You could see an obsidian statue (mesmerising), an orange demon (summoned,
extremely poisoned), 2 sixfirhies, a red devil (summoned), a quasit (summoned),
a white imp (summoned) and a shadow imp (summoned).

Vanquished Creatures
  A yaktaur (D)
  3 polar bears (D)
  A hornet (D)
  2 wyverns (D)
  Menkaure (D)
  3 water moccasins (D)
  5 scorpions (D)
  3 worms (D)
19 creatures vanquished.

Vanquished Creatures (others)
  A water moccasin (D)
  4 tentacles (D)
5 creatures vanquished.

Grand Total: 24 creatures vanquished

Notes
Turn   | Place    | Note
-------+----------+-------------------------------------------
     0 | D        | rocky1 the Djinni Gladiator began the quest for the Orb.
     0 | D        | Reached XP level 1. HP: 18/18 MP: 0/0
     1 | D        | Noticed a wyvern
     1 | D        | Noticed a wyvern
    11 | D        | Killed a wyvern
    12 | D        | Reached skill level 6 in Long Blades
    12 | D        | Reached XP level 2. HP: 22/26 MP: 0/0
    12 | D        | Reached XP level 3. HP: 26/31 MP: 0/0
    12 | D        | Learned a level 1 spell: Necrotise
    12 | D        | Reached XP level 4. HP: 32/37 MP: 0/0
    12 | D        | Reached XP level 5. HP: 35/41 MP: 0/0
    12 | D        | Learned a level 2 spell: Lesser Beckoning
    16 | D        | Killed a wyvern
    17 | D        | Reached skill level 8 in Long Blades
    17 | D        | Reached skill level 1 in Armour
    17 | D        | Reached XP level 6. HP: 17/48 MP: 0/0
    25 | D        | Found an iron altar of Okawaru.
    25 | D        | Found a glowing silver altar of Zin.
    25 | D        | Noticed a water moccasin
    26 | D        | Found a sparkling altar of Nemelex Xobeh.
    26 | D        | Found a hide-covered altar of Uskayaw.
    26 | D        | Found a basalt altar of Yredelemnul.
    27 | D        | Found an opulent altar of Gozag.
    27 | D        | Found a burning altar of Makhleb.
    27 | D        | Found a bloodstained altar of Trog.
    44 | D        | Killed a water moccasin
    45 | D        | Found a blossoming altar of Fedhas.
    45 | D        | Found a corrupted altar of Lugonu.
    46 | D        | Found a white marble altar of Elyvilon.
    47 | D        | Found a shadowy altar of Dithmenos.
    47 | D        | Found a viscous altar of Jiyva.
    48 | D        | Found a snail-covered altar of Cheibriados.
    50 | D        | Found a shimmering altar of Xom.
    50 | D        | Found a sacrificial altar of Ru.
    50 | D        | Found a hazy altar of Hepliaklqana.
    51 | D        | Found a glowing golden altar of the Shining One.
    51 | D        | Found an ornate altar of the Wu Jian Council.
    51 | D        | Found a stormy altar of Qazlal.
    53 | D        | Became a worshipper of Gozag Ym Sagoz the Greedy
   116 | D        | Noticed a boulder beetle
   116 | D        | Noticed a boulder beetle
   145 | D        | Found Vuwit's Antique Armour Shop.
   145 | D        | Found Sosken's Assorted Antiques.
   145 | D        | Found Ihoeshri's General Store.
   145 | D        | Found Piejo Inu's Book Boutique.
   145 | D        | Found Vaesir's Jewellery Shop.
   145 | D        | Found Nutur's Antique Weapon Shop.
   145 | D        | Found Meigomog's Antique Armour Boutique.
   194 | D        | Reached skill level 5 in Fighting
   194 | D        | Reached XP level 7. HP: 28/54 MP: 0/0
   194 | D        | Learned a level 3 spell: Inner Flame
   200 | D        | Reached skill level 9 in Long Blades
   335 | D        | Reached skill level 10 in Dodging
   362 | D        | Found Egreli's Magic Scroll Shop.
   362 | D        | Found Vuavun's Jewellery Boutique.
   362 | D        | Found Ziomoer's Distillery.
   362 | D        | Noticed a polar bear
   363 | D        | Found Nuomesoo's Armour Shop.
   374 | D        | Reached skill level 10 in Long Blades
   385 | D        | Found Niow's Antique Armour Boutique.
   385 | D        | Found Noutty Dole's Antique Armour Shop.
   385 | D        | Noticed Menkaure
   385 | D        | Noticed a polar bear
   385 | D        | Noticed an oklob plant
   386 | D        | Found Semui's Book Shoppe.
   386 | D        | Found Xite's Distillery.
   387 | D        | Noticed a manticore
   389 | D        | Noticed a manticore
   390 | D        | Noticed a manticore
   403 | D        | Killed Menkaure
   404 | D        | Reached skill level 1 in Stealth
   404 | D        | Reached XP level 8. HP: 55/62 MP: 0/0
   412 | D        | Noticed a yak
   412 | D        | Noticed a yak
   413 | D        | Bought a notched bronze ring for 130 gold pieces
   413 | D        | Bought a shiny chain mail for 195 gold pieces
   413 | D        | Bought a runed great sword for 247 gold pieces
   415 | D        | Noticed a yak
   420 | D        | Bought a +4 ring of protection for 504 gold pieces
   423 | D        | Bought a potion of might for 48 gold pieces
   427 | D        | Bought a potion of heal wounds for 60 gold pieces
   480 | D        | Noticed a yaktaur
   480 | D        | Noticed a hornet
   480 | D        | Noticed a polar bear
   480 | D        | Noticed a polar bear
   488 | D        | Killed a polar bear
   488 | D        | Noticed a polar bear
   489 | D        | Reached skill level 11 in Long Blades
   493 | D        | Killed a polar bear
   494 | D        | Reached skill level 12 in Long Blades
   496 | D        | Killed a hornet
   497 | D        | Reached skill level 13 in Long Blades
   501 | D        | Killed a polar bear
   502 | D        | Reached XP level 9. HP: 35/67 MP: 0/0
   502 | D        | Learned a level 3 spell: Swiftness
   505 | D        | Killed a yaktaur
   506 | D        | Reached skill level 14 in Long Blades
   622 | D        | Noticed a kraken
   645 | D        | Reached skill level 15 in Long Blades
   742 | D        | Noticed an obsidian statue
   759 | D        | Noticed a sixfirhy
   759 | D        | Noticed a sixfirhy
   760 | D        | Noticed a red devil
   763 | D        | Noticed a sixfirhy
   765 | D        | Noticed a red devil
   769 | D        | Noticed a sixfirhy
   769 | D        | Noticed an orange demon
   775 | D        | HP: 1/67 [quasit[an obsidian statue] (3)]
   777 | D        | Slain by a white imp

Illustrated notes

Levels and vault maps discovered:
D:        the_violet_keep_of_menkaure [sprint2_stairs_cluster_1,
          sprint2_shoproom, sprint2_temple, sprint2_basic_supplies,
          sprint2_obstacle_5, sprint2_obstacle_3, sprint2_obstacle_7,
          sprint2_obstacle_1, sprint2_obstacle_4, sprint2_timed_cluster_1,
          sprint2_smallroom_cluster_1, sprint2_smallroom_final_cluster_1,
          sprint2_transparent_cluster_1, sprint2_second_timed_cluster_1,
          sprint2_sniper_area_1, sprint2_heavy_combat_area_1,
          sprint2_mutation_trap_area_1, sprint2_forest_area_1,
          sprint2_light_combat_area_1, sprint2_behind_water_1,
          sprint2_near_end_vault_1]

Skill      XL: |  1  2  3  4  5  6  7  8  9 |
---------------+----------------------------+-----
Fighting       | 3 4 5 6 |  6.4
Long Blades    | 6 8 10 13 15 | 15.3
Throwing       | 3 |  3.9
Dodging        | 7 9 10 | 10.3
Armour         | 1 2 3 |  3.7
Stealth        | 1 |  1.0

Action                     |  1- 3 |  4- 6 |  7- 9 || total
---------------------------+-------+-------+-------++-------
  Melee: Long sword        |     8 |    47 |    27 ||    82
         Punch             |       |       |     1 ||     1
         Great sword       |       |       |    55 ||    55
    Use: Potion            |     2 |     1 |     2 ||     5
 Armour: Leather armour    |     2 |    16 |    71 ||    89
  Dodge: Dodged            |     9 |    32 |   102 ||   143

Table legend: (Time is in decaauts)
 A = Elapsed time spent in this place.
 B = Non-inter-level travel time spent in this place.
 C = Inter-level travel time spent in this place.
 D = Time resting spent in this place.
 E = Time spent auto-exploring this place.
 F = Levels seen in this place.
 G = Mean time per level.
                   A        B        C        D        E       F      G
               +--------+--------+--------+--------+--------+-----+--------+
         Total |    770 |    770 |      0 |    346 |     30 |   1 |  770.0 |
       Dungeon |    770 |    770 |      0 |    346 |     30 |   1 |  770.0 |
               +--------+--------+--------+--------+--------+-----+--------+

Top non-repeatable levels by time:
       D: 770 daAuts
